 Dungeon Crawl Stone Soup version 0.32-a0-468-g38b2580 (webtiles) character file.

Game seed: 3673005461762502658

4313 Dorkslayer the Chopper (level 9, -4/68 (71) HPs)
             Began as a Demigod Fighter on Feb 24, 2024.
             Slain by Grum
             ... wielding a +1 glaive
              (19 damage)
             ... on level 8 of the Dungeon.
             The game lasted 00:22:17 (7317 turns).

Dorkslayer the Chopper (Demigod Fighter)            Turns: 7317, Time: 00:22:18

HP:   -4/68 (71)    AC:  9    Str: 25    XL:     9   Next: 87%
MP:   0/11          EV: 21    Int: 10    God:
Gold: 424           SH:  6    Dex: 17    Spells: 8/8 levels left

rFire   . . .        r - +4 hand axe of the Flying Moth {freeze, rC+ Will+ SInv}
rCold   + . .        b - +1 buckler
rNeg    . . .        q - +0 chain mail
rPois   .            (no helmet)
rElec   .            (no cloak)
rCorr   .            (no gloves)
SInv    +            (no boots)
Will    +....        h - amulet of guardian spirit Stlth
                     m - +5 ring of evasion
HPRegen 0.31/turn    l - +5 ring of evasion
MPRegen 0.12/turn

%: guardian spirit
@: about to teleport, on berserk cooldown, slowed, lightly drained, very slow
A: high MP 1, forlorn, divine attributes, claws 1, no potion heal 1
a: no special abilities


You were on level 8 of the Dungeon.
You visited 1 branch of the dungeon, and saw 8 of its levels.

You collected 424 gold pieces.

Inventory:

Hand Weapons
 c - a +4 trident of draining
 r - the +4 hand axe of the Flying Moth (weapon) {freeze, rC+ Will+ SInv}
   (You found it on level 4 of the Dungeon)

   rC+:       It protects you from cold.
   Will+:     It increases your willpower.
   SInv:      It lets you see invisible.
 u - a +4 flail
 y - a +4 hand axe of venom
Missiles
 v - 3 boomerangs (quivered)
Armour
 b - a +1 buckler (worn)
 q - a +0 chain mail (worn)
Jewellery
 d - a ring of poison resistance
 h - an amulet of guardian spirit (around neck)
 l - a +5 ring of evasion (right claw)
 m - a +5 ring of evasion (left claw)
Wands
 t - a wand of charming (2)
Scrolls
 k - a scroll of revelation {unknown}
 x - a scroll of immolation {unknown}
Potions
 f - 3 potions of brilliance
 i - a potion of experience {unknown}
 j - a potion of resistance {unknown}
 n - a potion of berserk rage
 o - a potion of ambrosia {unknown}
 p - 2 potions of lignification {unknown}
 s - a potion of haste {unknown}


   Skills:
 + Level 4.0 Fighting
 + Level 7.1 Axes
 + Level 0.2 Throwing
 + Level 5.4 Armour
 * Level 5.1 Dodging
 + Level 0.9 Stealth
 + Level 4.6 Shields
 * Level 6.4 Unarmed Combat
 * Level 3.6 Evocations


You had 8 spell levels left.
You didn't know any spells.
Your spell library contained the following spells:

 Spells                   Type           Power      Damage    Failure   Level
 Freeze                   Ice            0%         1d3       91%         1
 Jinxbite                 Hex            0%         N/A       97%         2
 Frozen Ramparts          Ice            0%         1d1       100%        3
 Hailstorm                Conj/Ice       0%         3d5       100%        3
 Yara's Violent Unravell  Hex/Alch       0%         3d3       100%        5
 Enfeeble                 Hex            0%         N/A       100%        7


Dungeon Overview and Level Annotations

Branches:
Dungeon (8/15)             Temple (0/1) D:5
   Lair: D:8-11

Shops:
D:4 *

Annotations:
D:8 Grum


Innate Abilities, Weirdness & Mutations

You have an increased reservoir of magic. (+10% MP)
You shall have no god before yourself.
Your divine heritage dramatically boosts your attributes as you level up.
You have sharp fingernails.
Potions are less effective at restoring your health.


Message History

A wight comes into view. It is wielding a +2 mace.
You feel sick.
A wight comes into view. It is wielding a +3 spear.
You feel sick.
You are no longer poisoned.
The wight moves out of view.
A wight comes into view. It is wielding a +0 great sword.
A wight comes into view. It is wielding a +0 flail.
The wight closely misses you.
The wight moves out of view.
The wight hits you with a +2 mace.
* * * LOW HITPOINT WARNING * * *
You feel drained.
* * * LOW HITPOINT WARNING * * *
The wight misses you. You block the wight's attack. x2
As you read the scroll of teleportation, it crumbles to dust.
You feel strangely unstable. The wight misses you.
The wight closely misses you. The wight attacks as it pursues you!
You block the wight's attack. The wight hits you but does no damage.
The wight hits you from afar with a +3 spear!
* * * LOW HITPOINT WARNING * * *
You feel drained.
* * * LOW HITPOINT WARNING * * *
Unknown command.
Your system partially rejects the healing.
You feel better. The wight closely misses you. The wight completely misses you.
You block the wight's attack.
Your surroundings suddenly seem different.
Grum and 3 wolves come into view.
Found 3 stones, a leather armour and 32 gold pieces.
Grum growls angrily.
The wolf howls! x3
Unknown command.
As you read the scroll of teleportation, it crumbles to dust.
You feel strangely unstable. The wolf bites you but does no damage.
You block the wolf's attack.
Found two stone staircases leading up.
The wolf bites you but does no damage.
The wolf barely misses you. x2; The wolf misses you.
The wolf bites you.
* * * LOW HITPOINT WARNING * * *
Grum hits you from afar with a +1 glaive!!
You die...

..#.<.##<.
..........
###.........
.........$.
..........
#.........
#.........
##@.......
#hhh......
#.....g(......
##............
#...........#
.............#
...[...........
................
#........$.....


You could see Grum and 3 wolves.

Vanquished Creatures
  Erica (D:8)
  Jeremiah (D:6)
  Eustachio (D:4)
  Menkaure (D:4)
  An acid dragon (D:5)
  A water moccasin (D:3)
  2 ice beasts
  2 sky beasts (D:6)
  3 ogres
  4 centaurs
  2 phantoms
  A kobold brigand (D:7)
  A weeping skull (D:6)
  A bullfrog (D:7)
  Blork the orc (D:3)
  4 scorpions
  12 wights
  5 killer bees (D:7)
  2 bombardier beetles (D:6)
  A hound (D:7)
  2 gnoll boudas (D:7)
  2 orc priests (D:6)
  A jelly (D:6)
  2 sleepcaps
  2 iguanas
  10 adders
  6 ufetubi
  5 dart slugs
  A ribbon worm (D:3)
  8 orcs
  10 bats
  6 endoplasms
  5 giant cockroaches
  7 goblins
  11 hobgoblins
  2 jackals (D:2)
  7 kobolds
  6 quokkas
  5 ball pythons
  4 frilled lizards
  5 rats
  A spectral orc (D:6)
155 creatures vanquished.

Notes
Turn   | Place    | Note
-------+----------+-------------------------------------------
     0 | D:1      | Dorkslayer the Demigod Fighter began the quest for the Orb.
     0 | D:1      | Reached XP level 1. HP: 18/18 MP: 3/3
   214 | D:1      | Reached XP level 2. HP: 25/25 MP: 4/4
   614 | D:1      | Reached skill level 1 in Dodging
   672 | D:1      | Reached XP level 3. HP: 29/30 MP: 2/5
  1674 | D:2      | Reached XP level 4. HP: 37/37 MP: 6/6
  2313 | D:3      | Noticed a spectral centipede
  2313 | D:3      | Noticed a spectral black mamba
  2313 | D:3      | Noticed a spectral cane toad
  2395 | D:4      | Noticed an ogre
  2403 | D:4      | Noticed Blork the orc
  2404 | D:4      | Killed an ogre
  2405 | D:4      | Reached XP level 5. HP: 33/45 MP: 5/7
  2406 | D:4      | Noticed a water moccasin
  2422 | D:3      | Killed Blork the orc
  2563 | D:3      | Killed a water moccasin
  2564 | D:3      | Reached XP level 6. HP: 28/51 MP: 4/8
  2798 | D:4      | Noticed Eustachio
  2847 | D:4      | Killed Eustachio
  3007 | D:4      | Identified the +4 hand axe of the Flying Moth {freeze, rC+
                  | Will+ SInv}
  3025 | D:4      | Noticed Menkaure
  3032 | D:4      | HP: 1/51 [Menkaure (16)]
  3037 | D:4      | Killed Menkaure
  3038 | D:4      | Reached skill level 5 in Unarmed Combat
  3038 | D:4      | Reached XP level 7. HP: 32/57 MP: 2/9
  3187 | D:4      | Noticed a +0 spear
  3187 | D:4      | Noticed a +0 short sword
  3188 | D:4      | Noticed a +0 short sword
  3188 | D:4      | Noticed a +0 dagger
  3188 | D:4      | Noticed a +0 spear
  3190 | D:4      | Noticed a +0 falchion
  3191 | D:4      | Noticed a +0 falchion
  3191 | D:4      | Noticed a +0 dagger
  3229 | D:4      | Reached skill level 1 in Axes
  3782 | D:4      | Found Zin's Purification Station.
  3973 | D:5      | Entered Level 5 of the Dungeon
  4011 | D:5      | Found a staircase to the Ecumenical Temple.
  4018 | D:5      | Reached skill level 2 in Axes
  4253 | D:5      | Reached skill level 1 in Evocations
  4253 | D:5      | Reached XP level 8. HP: 27/63 MP: 4/10
  4255 | D:5      | Reached skill level 3 in Axes
  4753 | D:6      | Reached skill level 4 in Axes
  4930 | D:6      | Noticed Jeremiah
  5275 | D:6      | Reached skill level 5 in Axes
  6001 | D:6      | Killed Jeremiah
  6002 | D:6      | Reached XP level 9. HP: 23/67 MP: 4/11
  6254 | D:7      | Reached skill level 5 in Armour
  6270 | D:7      | Reached skill level 6 in Axes
  6583 | D:7      | HP: 2/62 [wight/+0 scimitar (5)]
  6585 | D:7      | Gained mutation: Your mind is acute. (Int +4, Str/Dex -1)
                  | [potion of mutation]
  6585 | D:7      | Gained mutation: You are frail. (-10% HP) [potion of
                  | mutation]
  7281 | D:8      | Noticed Erica
  7282 | D:8      | Lost mutation: You are frail. (-10% HP) [potion of
                  | mutation]
  7282 | D:8      | Lost mutation: Your mind is acute. (Int +4, Str/Dex -1)
                  | [potion of mutation]
  7282 | D:8      | Gained mutation: You have sharp fingernails. [potion of
                  | mutation]
  7282 | D:8      | Gained mutation: Potions are less effective at restoring
                  | your health. [potion of mutation]
  7300 | D:8      | Killed Erica
  7301 | D:8      | Reached skill level 7 in Axes
  7301 | D:8      | Reached skill level 5 in Dodging
  7315 | D:8      | Noticed Grum
  7317 | D:8      | Slain by Grum

Illustrated notes

Levels and vault maps discovered:
D:1:      psy_arrival_terrarium, layout_loops_cross
D:2:      minmay_wonky_spiral, layout_loops_ring,
          shapermc_ecumenical_altar_venn, glass_columns_a
D:3:      minmay_evil_eye, layout_basic, pdpol_wu_jian_five_deadly_venoms
D:4:      layout_loops_corners, zin_purify, nicolae_uskayaw_en_pointe,
          serial_bayou, serial_bayou_shore_b, serial_bayou_lagoon_a,
          serial_bayou_pond_c, serial_bayou_ford_a, minmay_misc_feat_enclosed,
          corexii_hall_statues_l, kennysheep_big_empty_room, dk_vineyard_3,
          uniq_blork_the_orc, uniq_menkaure, uniq_eustachio
D:5:      layout_loops_cross, mainiacjoe_overflow_alcove_1,
          minmay_temple_entry_waves
D:6:      layout_loops_corners, grunt_gozag_statues,
          yredelemnul_forgotten_temple_becter, item_on_display_a, uniq_jeremiah
D:7:      layout_rooms, nemelex_diamond_rough_becter,
          mainiacjoe_overflow_boulevard, grunt_temple_overflow_open,
          okawaru_ov_weapons_minmay, kb_lookout_dungeons_type, grunt_tough_drop
D:8:      layout_cave_pools, gammafunk_ghost_abyssal_escape, serial_shops, shop,
          uniq_prince_ribbit1, uniq_erica, uniq_grum

Skill      XL: |  1  2  3  4  5  6  7  8  9 |
---------------+----------------------------+-----
Unarmed Combat | 2 3 4 5 6 |  6.4
Dodging        | 1 2 3 4 5 |  5.1
Armour         | 3 4 5 |  5.4
Shields        | 3 4 |  4.6
Fighting       | 3 4 |  4.0
Axes           | 2 5 7 |  7.1
Evocations     | 1 2 3 |  3.6
Throwing       | |  0.2
Stealth        | |  0.9

Action                     |  1- 3 |  4- 6 |  7- 9 || total
---------------------------+-------+-------+-------++-------
  Melee: Unarmed           |   249 |   212 |       ||   461
         Hand axe          |       |     7 |   370 ||   377
  Throw: Boomerang         |       |       |     6 ||     6
  Evoke: Wand              |       |       |     1 ||     1
    Use: Scroll            |       |     6 |     9 ||    15
         Potion            |       |     5 |     9 ||    14
 Armour: Scale mail        |   160 |    18 |       ||   178
         Chain mail        |       |    51 |   178 ||   229
  Dodge: Dodged            |   102 |   116 |   247 ||   465
  Block: Buckler           |    51 |    42 |   120 ||   213

Table legend: (Time is in decaauts)
 A = Elapsed time spent in this place.
 B = Non-inter-level travel time spent in this place.
 C = Inter-level travel time spent in this place.
 D = Time resting spent in this place.
 E = Time spent auto-exploring this place.
 F = Levels seen in this place.
 G = Mean time per level.
                   A        B        C        D        E       F      G
               +--------+--------+--------+--------+--------+-----+--------+
         Total |   7375 |   7375 |      0 |    106 |   3744 |   8 |  921.9 |
       Dungeon |   7375 |   7375 |      0 |    106 |   3744 |   8 |  921.9 |
               +--------+--------+--------+--------+--------+-----+--------+

Top non-repeatable levels by time:
     D:6: 1544 daAuts
     D:4: 1373 daAuts
     D:7: 1014 daAuts
     D:2: 943 daAuts
     D:3: 885 daAuts
     D:1: 803 daAuts
     D:5: 731 daAuts
     D:8: 78 daAuts
